 Dungeon Crawl Stone Soup version 0.28-b1-1-g3c77fb2ed1 (webtiles) character file.

Game seed: 17910360759705040950

7302 Tirrikindir the Carver (level 11, -3/75 HPs)
             Began as an Octopode Fighter on Jan 30, 2022.
             Was a High Priest of Jiyva.
             Slain by a vampire mosquito (10 damage)
             ... on level 11 of the Dungeon.
             The game lasted 00:21:20 (7586 turns).

Tirrikindir the Carver (Octopode Fighter)           Turns: 7586, Time: 00:21:20

Health: -3/75      AC:  3    Str: 17    XL:     11   Next: 13%
Magic:  10/11      EV: 19    Int: 12    God:    Jiyva [*****.]
Gold:   180        SH:  6    Dex: 13    Spells: 10/10 levels left

rFire   . . .      SeeInvis .   z - +4 falchion
rCold   . . .      Faith    .   b - +0 buckler
rNeg    . . .      Spirit   .   s - +2 hat
rPois   .          Reflect  .   g - amulet of magic regeneration
rElec   .          Harm     .   d - +4 ring of evasion
rCorr   +          Rampage  .   n - ring of flight
Will    .....                   (no ring)
Stlth   +++++.....              (no ring)
HPRegen 1.66/turn               (no ring)
MPRegen 0.97/turn               (no ring)
                                (no ring)
                                (no ring)

@: calling ooze, flying
A: almost no armour, amphibious, 8 rings, camouflage 1, gelatinous body 1,
(nimble swimmer 1), tentacles, pseudopods 2, evolution 2, MP-powered wands
a: Renounce Religion, Oozemancy, Slimify


You were on level 11 of the Dungeon.
You worshipped Jiyva.
Jiyva was extremely pleased with you.
You visited 1 branch of the dungeon, and saw 11 of its levels.
You also visited: Sewer.

You collected 404 gold pieces.
You spent 224 gold pieces at shops.

Inventory:

Hand Weapons
 e - a +2 short sword of venom
 h - a +0 scimitar
 z - a +4 falchion (weapon)
Armour
 b - a +0 buckler (worn)
 s - a +2 hat (worn)
Jewellery
 d - a +4 ring of evasion (left tentacle)
 g - an amulet of magic regeneration (around mantle)
 n - a ring of flight (right tentacle)
Wands
 i - a wand of flame (47) (quivered)
 r - a wand of digging (7)
 v - a wand of polymorph (4)
 x - a wand of paralysis (4)
 y - a wand of acid (6)
Scrolls
 c - 2 scrolls of amnesia
 f - a scroll of holy word
 l - a scroll of enchant armour
 q - 3 scrolls of blinking
 u - a scroll of teleportation
 A - a scroll of immolation
 C - a scroll of torment {unknown}
Potions
 a - a potion of haste
 k - a potion of curing
 m - a potion of lignification
 o - 2 potions of resistance {unknown}
 t - a potion of ambrosia {unknown}
 B - a potion of flight {unknown}


   Skills:
 * Level 7.1 Fighting
 * Level 9.9 Long Blades
 * Level 7.1 Dodging
 + Level 8.4 Stealth
 * Level 7.1 Shields
 + Level 6.0 Evocations


You had 10 spell levels left.
You didn't know any spells.
Your spell library contained the following spells:

 Spells                   Type           Power      Damage    Failure   Level
 Olgreb's Toxic Radiance  Pois           0%         N/A       99%         4
 Ozocubu's Refrigeration  Ice            0%         4d5       100%        7
 Ignition                 Fire           0%         3d3       100%        8


Dungeon Overview and Level Annotations

Branches:
Dungeon (11/15)            Temple (0/1) D:6           Sewer (visited)
   Lair: D:8-11         Orc: D:9-12

Altars:
Ashenzari
Elyvilon
Gozag
Qazlal
Ru
The Shining One
Jiyva

Shops:
D:7 **   D:8 [


Innate Abilities, Weirdness & Mutations

You cannot wear most types of armour.
You are amphibious.
You can wear up to eight rings at the same time.
Your skin changes colour to match your surroundings (Stealth+).
Your rubbery body absorbs attacks. (AC +1, EV +1)
((You are camouflaged when in or above water. (Stealth+)))
You have tentacles for arms and can constrict up to eight enemies at once.
Armour fits poorly on your large pseudopods.
You have great hidden genetic potential.
You expend magic power (3 MP) to strengthen your wands.


Message History

The vampire mosquito closely misses you.
The vampire mosquito completely misses you.
You hit the vampire mosquito. You grab the vampire mosquito.
The vampire mosquito is moderately damaged.
You constrict the vampire mosquito. The vampire mosquito bites you!
The vampire mosquito draws strength from your injuries!
The vampire mosquito misses you. x2
You release your grip on the vampire mosquito.
The orc wizard gestures wildly while chanting.
The orc wizard flickers and vanishes!
Deactivating autopickup; reactivate with Ctrl-A.
The orc priest begins to cast a cantrip, but forgets the words!
You slash the vampire mosquito! Your grab misses the vampire mosquito.
Your bludgeon misses the vampire mosquito.
You squeeze the vampire mosquito.
You destroy the vampire mosquito!
The vampire mosquito bites you.
The vampire mosquito draws strength from your injuries!
Okay, then.
The orc priest invokes the aid of Beogh against you.
Beogh smites you! The vampire mosquito bites you!
* * * LOW HITPOINT WARNING * * *
The vampire mosquito draws strength from your injuries!
Activating: Oozemancy (1% risk of failure)
Press: ? - help, Dir - look around, f - activate Slime begins to ooze from the nearby walls!
The walls burn the vampire mosquito!
You block the vampire mosquito's attack.
The walls burn the vampire mosquito!
You block the vampire mosquito's attack.
The walls burn the vampire mosquito!
The walls burn the orc priest!
The walls burn the vampire mosquito!
The vampire mosquito misses you.
An orc comes into view. It is wielding a +0 war axe.
The walls burn the vampire mosquito!
The vampire mosquito bites you!
* * * LOW HITPOINT WARNING * * *
The vampire mosquito draws strength from your injuries!
You reach down and open the door.
The walls burn the vampire mosquito! x2
You block the vampire mosquito's attack.
The walls burn the vampire mosquito!
The vampire mosquito bites you!
You die...

..)########.## ###
##......#
#####.....o##
...........#
≈≈≈≈≈≈≈≈≈8.# +#.
SE≈≈≈≈≈≈8≈o####
....
######+.≈≈.oo.###
.....
#.≈≈.##.yy##......
##≈≈.####y@'......


o.ooy# ####...... ..##≈y.# ##### . o≈≈.# +.S≈.# ≈≈8≈. You could see 3 vampire
mosquitoes, an orc priest and 2 orcs.

Vanquished Creatures
  A two-headed ogre (D:6)
  Joseph (D:7)
  2 molten gargoyles (D:10)
  A gargoyle (D:10)
  A hornet (D:8)
  Prince Ribbit (D:6)
  Sigmund (D:5)
  3 wraiths
  2 steam dragons (D:8)
  2 vampire mosquitoes (D:11)
  Menkaure (D:7)
  Edmund (D:6)
  2 acid dragons
  3 water moccasins
  2 orc warriors (D:9)
  A sky beast (D:6)
  An ogre (D:6)
  3 black bears
  2 ice beasts (D:5)
  A centaur (D:8)
  A kobold brigand (D:7)
  Blork the orc (D:6)
  2 bullfrogs (D:7)
  3 scorpions
  2 water moccasin skeletons
  4 killer bees (D:8)
  10 wights
  2 howler monkeys (D:8)
  A lava snake (D:10)
  2 centaur zombies (D:8)
  An orc priest (D:7)
  3 hounds (D:6)
  A bullfrog skeleton (D:4)
  6 orc wizards
  2 killer bee zombies
  A hound zombie (D:5)
  2 howler monkey zombies
  3 gnolls (D:3)
  A howler monkey skeleton (D:5)
  4 adders
  A river rat (D:6)
  A white imp (D:8)
  3 worms
  2 dart slugs
  11 orcs
  2 endoplasms
  4 giant cockroaches
  7 goblins
  8 hobgoblins
  2 quokkas (D:2)
  6 ball pythons
  7 bats
  A frilled lizard (D:1)
  9 kobolds
  3 rats (D:6)
151 creatures vanquished.

Vanquished Creatures (collateral kills)
  2 molten gargoyles (D:10)
  An orc warrior (D:10)
  A lava snake (D:10)
  An orc priest (D:10)
  An orc (D:10)
6 creatures vanquished.

Vanquished Creatures (others)
  A necrophage (D:7)
  A kobold brigand (D:5)
  A howler monkey (D:8)
  A wight (D:9)
  13 jellies
  A gnoll (D:3)
  An adder (D:3)
  A dart slug (D:4)
  4 orcs
  2 endoplasms (D:4)
  7 kobolds
  A ball python (D:3)
  A bat (D:3)
  13 demonic plants (D:3)
  19 fungi
  16 plants
  2 withered plants (D:3)
85 creatures vanquished.

Grand Total: 242 creatures vanquished

Notes
Turn   | Place    | Note
-------+----------+-------------------------------------------
     0 | D:1      | Tirrikindir the Octopode Fighter began the quest for the
                  | Orb.
     0 | D:1      | Reached XP level 1. HP: 16/16 MP: 1/1
   272 | D:1      | Reached XP level 2. HP: 18/21 MP: 2/2
   276 | D:1      | Reached skill level 1 in Stealth
   817 | D:2      | Reached XP level 3. HP: 19/26 MP: 3/3
  2247 | D:3      | Found a faded altar of an unknown god.
  2256 | D:3      | Prayed at the altar of an unknown god.
  2256 | D:3      | Became a worshipper of Jiyva Join the Shapeless
  2256 | D:3      | Reached * piety under Jiyva
  2364 | D:3      | Reached XP level 4. HP: 16/31 MP: 4/4
  2447 | D:3      | Found a stormy altar of Qazlal.
  2587 | D:3      | Reached ** piety under Jiyva
  2956 | D:4      | Found an opulent altar of Gozag.
  2966 | D:4      | Reached XP level 5. HP: 37/37 MP: 5/5
  3080 | D:4      | Found a white marble altar of Elyvilon.
  3390 | D:4      | Reached skill level 3 in Long Blades
  3456 | D:5      | Entered Level 5 of the Dungeon
  3489 | D:5      | Reached *** piety under Jiyva
  3504 | D:5      | Reached XP level 6. HP: 27/43 MP: 6/6
  3598 | D:5      | Noticed an ice beast
  3621 | D:5      | HP: 1/43 [ice beast (14)]
  3649 | D:5      | Killed an ice beast
  3698 | D:5      | Found a sacrificial altar of Ru.
  3737 | D:5      | Noticed a black bear
  3743 | D:5      | Killed a black bear
  3744 | D:5      | Reached skill level 1 in Evocations
  3747 | D:5      | Reached XP level 7. HP: 33/48 MP: 7/7
  3840 | D:5      | Reached skill level 4 in Long Blades
  3840 | D:5      | Reached skill level 5 in Stealth
  3896 | D:5      | Noticed Sigmund
  3908 | D:5      | Killed Sigmund
  3992 | D:5      | Identified the +0 plate armour of Pittudui {rPois rC+
                  | Dex-4}
  4409 | D:6      | Reached skill level 5 in Long Blades
  4409 | D:6      | Reached XP level 8. HP: 52/54 MP: 8/8
  4460 | D:6      | Noticed Prince Ribbit
  4473 | D:6      | Killed Prince Ribbit
  4474 | D:6      | Reached skill level 6 in Long Blades
  4541 | D:6      | Found a staircase to the Ecumenical Temple.
  4542 | D:6      | Gained mutation: You are somewhat resistant to further
                  | mutation. [Jiyva's grace]
  4542 | D:6      | Gained mutation: You are somewhat resistant to both further
                  | mutation and mutation removal. [Jiyva's grace]
  4542 | D:6      | Gained mutation: You are almost entirely resistant to
                  | further mutation and mutation removal. [Jiyva's grace]
  4542 | D:6      | Gained mutation: You expend magic power (3 MP) to
                  | strengthen your wands. [Jiyva's grace]
  4560 | D:6      | Reached skill level 7 in Long Blades
  4584 | D:6      | Noticed a two-headed ogre
  4595 | D:6      | Killed a two-headed ogre
  4596 | D:6      | Reached skill level 8 in Long Blades
  4596 | D:6      | Reached XP level 9. HP: 34/59 MP: 9/9
  4610 | D:6      | Noticed Blork the orc
  4618 | D:6      | Killed Blork the orc
  4674 | D:6      | Noticed Edmund
  4688 | D:6      | Killed Edmund
  4754 | D:6      | Found a glowing drain.
  4761 | Sewer    | Entered a sewer
  4789 | Sewer    | Reached skill level 5 in Fighting
  4789 | Sewer    | Reached skill level 5 in Dodging
  4789 | Sewer    | Reached skill level 5 in Shields
  5062 | D:7      | Noticed Menkaure
  5067 | D:7      | Killed Menkaure
  5098 | D:7      | Noticed Joseph
  5112 | D:7      | Killed Joseph
  5152 | D:7      | Reached **** piety under Jiyva
  5320 | D:7      | Found Plog's General Store.
  5322 | D:7      | Found Zinec's Specific Store.
  5331 | D:7      | Reached XP level 10. HP: 64/66 MP: 10/10
  5352 | D:7      | Reached skill level 5 in Evocations
  5524 | D:8      | Reached skill level 9 in Long Blades
  5541 | D:8      | Paralysed by a hornet for 2 turns
  5783 | D:8      | Found Ecaoggut's Antique Armour Emporium.
  5791 | D:8      | Bought a runed hat for 224 gold pieces
  6266 | D:9      | Found a glowing golden altar of the Shining One.
  6616 | D:9      | Reached ***** piety under Jiyva
  6951 | D:10     | Entered Level 10 of the Dungeon
  7164 | D:10     | Noticed a gargoyle
  7173 | D:10     | Killed a gargoyle
  7215 | D:10     | Noticed a molten gargoyle
  7230 | D:10     | Killed a molten gargoyle
  7244 | D:10     | Noticed a molten gargoyle
  7247 | D:10     | Noticed a molten gargoyle
  7251 | D:10     | Killed a molten gargoyle
  7254 | D:10     | Killed a molten gargoyle
  7255 | D:10     | Reached XP level 11. HP: 9/74 MP: 11/11
  7268 | D:10     | HP: 3/74 [molten gargoyle/bolt of magma (28)]
  7347 | D:10     | Lost mutation: You are almost entirely resistant to further
                  | mutation and mutation removal. [Jiyva's grace]
  7347 | D:10     | Lost mutation: You are somewhat resistant to both further
                  | mutation and mutation removal. [Jiyva's grace]
  7347 | D:10     | Lost mutation: You are somewhat resistant to further
                  | mutation. [Jiyva's grace]
  7347 | D:10     | Gained mutation: You have hidden genetic potential.
                  | [Jiyva's grace]
  7347 | D:10     | Gained mutation: You have great hidden genetic potential.
                  | [Jiyva's grace]
  7347 | D:10     | Gained mutation: Armour fits poorly on your pseudopods.
                  | [Jiyva's grace]
  7347 | D:10     | Gained mutation: Armour fits poorly on your large
                  | pseudopods. [Jiyva's grace]
  7454 | D:10     | Found a broken altar of Ashenzari.
  7554 | D:11     | Noticed a death yak
  7554 | D:11     | Noticed a death yak
  7586 | D:11     | Slain by a vampire mosquito

Illustrated notes

Levels and vault maps discovered:
D:1:      nagdon_arrival_double_spiral, layout_loops_ring, hex_medium
D:2:      layout_basic, serial_corexii_hall, corexii_hall_statues_l,
          corexii_hall_statues_t, minmay_strange_pillars
D:3:      layout_basic, lemuel_tele_altar, shapermc_ecumenical_altar_gd
D:4:      layout_basic, mainiacjoe_overflow_cross_hatched,
          mainiacjoe_overflow_brackets
D:5:      layout_loops_ring, nicolae_ru_the_path_less_chosen, uniq_sigmund
D:6:      layout_basic, minmay_temple_entry_mini_moons, portal_sewer_entry_e,
          minmay_misc_feat_plants, uniq_prince_ribbit1, uniq_blork_the_orc,
          uniq_edmund
D:7:      layout_rooms, nicolae_specific_store, uniq_joseph, uniq_menkaure
D:8:      layout_loops_cross, serial_shops, shop
D:9:      layout_basic, tso_oasis_becter, serial_curves, eino_curves_04,
          eino_curves_02, minmay_misc_feat_enclosed
D:10:     layout_basic, ashenzari_altar_1, chequers_serial_rivers_micro_c,
          minivault_8
D:11:     layout_roguey, dpeg_lair_monsters, erik_orc_2,
          gammafunk_ghost_necromancy, nrook_mini_vaults

Skill      XL: |  1  2  3  4  5  6  7  8  9 10 11 |
---------------+----------------------------------+-----
Stealth        | 1 2 3 4 6 7 8 |  8.4
Long Blades    | 3 5 8 9 |  9.9
Fighting       | 4 5 6 7 |  7.1
Dodging        | 4 5 6 7 |  7.1
Shields        | 4 5 6 7 |  7.1
Evocations     | 1 4 5 6 |  6.0

Action                   |  1- 3 |  4- 6 |  7- 9 | 10-12 || total
-------------------------+-------+-------+-------+-------++-------
Melee: Long sword        |    89 |    53 |    60 |       ||   202
       Constrict         |    38 |    11 |    31 |    29 ||   109
       Tentacles         |    21 |    12 |    36 |    43 ||   112
       Punch             |       |       |     2 |     3 ||     5
       Scimitar          |       |       |    89 |    77 ||   166
       Falchion          |       |       |       |   102 ||   102
       Pseudopods        |       |       |       |     1 ||     1
Invok: Oozemancy         |       |     1 |       |     2 ||     3
Evoke: Wand              |       |     2 |     2 |     3 ||     7
  Use: Scroll            |     3 |     2 |     4 |     3 ||    12
       Potion            |       |     3 |     1 |     3 ||     7
 Stab: Sleeping          |     7 |     4 |    12 |     4 ||    27
       Distracted        |       |       |       |     1 ||     1
Armor: Skin              |     6 |     3 |     3 |    13 ||    25
Dodge: Dodged            |    43 |    38 |   108 |   171 ||   360
Block: Buckler           |     8 |     9 |    25 |    41 ||    83
